 Dungeon Crawl Stone Soup version 0.17-a0-1583-g2df49ec (webtiles) character file.

40467 patman the Cruncher (level 13, -7/103 HPs)
             Began as a Mummy Gladiator on July 27, 2015.
             Was the Champion of Okawaru.
             Mangled by an eight-headed hydra (8 damage)
             ... on level 7 of the Lair of Beasts on July 28, 2015.
             The game lasted 00:52:17 (20487 turns).

patman the Cruncher (Mummy Gladiator)              Turns: 20487, Time: 00:52:18

Health: -7/103     AC: 28    Str: 31    XL:     13   Next: 74%
Magic:  15/17      EV: 14    Int:  4    God:    Okawaru [******]
Gold:   1069       SH:  0    Dex: 15    Spells: 0 memorised, 12 levels left

rFire  . . .     SeeInvis +     p - +3 quarterstaff (chaos)
rCold  + . .     Clarity  .     M - +1 chain mail of Valour {+Inv Str+5 Int-3 SInv}
rNeg   + + +     SustAt   .     (no shield)
rPois  ∞         Gourm    .     r - +2 helmet
rElec  .         Spirit   .     c - +1 cloak
rCorr  .         Warding  .     n - +2 pair of gloves
rMut   .         Stasis   .     Q - +2 pair of boots {Fly}
MR     +....                    j - amulet of faith
Stlth  ..........               L - ring of protection from fire
                                e - +5 ring of strength

@: heroism, flying, very slightly contaminated, invisible, somewhat resistant to
hostile enchantments, extremely unstealthy
A: no food or potions, fire vulnerability, cold resistance 1, negative energy
resistance 3, torment resistance, unbreathing, in touch with death 1, restore
body
a: Self-Restoration, Heroism, Finesse, Renounce Religion, Turn Visible, Stop
Flying


You were on level 7 of the Lair of Beasts.
You worshipped Okawaru.
Okawaru was exalted by your worship.
You were not hungry.

You visited 2 branches of the dungeon, and saw 18 of its levels.

You collected 1069 gold pieces.

Inventory:

Hand weapons
 a - a +0 quarterstaff of speed
 f - a +0 blowgun
 p - a +3 quarterstaff of chaos (weapon)
 H - a +0 quarterstaff
 V - the +2 quarterstaff of the Inferno {freeze, rC+++ Str+3 Int-4 Dex+2}
   (Okawaru gifted it to you on level 5 of the Lair of Beasts)

   It has been specially enchanted to freeze those struck by it, causing extra
   injury to most foes and up to half again as much damage against particularly
   susceptible opponents.
   It can also slow down cold-blooded creatures.
   It affects your strength (+3).
   It affects your intelligence (-4).
   It affects your dexterity (+2).
   It renders you almost immune to cold.
Missiles
 d - 2 throwing nets
 l - 51 poisoned needles
 E - 8 silver javelins (quivered)
 P - 9 curare-tipped needles
Armour
 c - a +1 cloak (worn)
 n - a +2 pair of gloves (worn)
 r - a +2 helmet (worn)
 D - a +1 hat of magic resistance
 M - the +1 chain mail of Valour (worn) {+Inv Str+5 Int-3 SInv}
   (Okawaru gifted it to you on level 1 of the Lair of Beasts)

   It affects your strength (+5).
   It affects your intelligence (-3).
   It lets you see invisible.
   It lets you turn invisible.
 Q - a +2 pair of boots of flying (worn)
Jewellery
 b - an uncursed ring of sustain attributes
 e - a +5 ring of strength (left hand)
 j - an amulet of faith (around neck)
 x - a +4 ring of intelligence
 y - an uncursed amulet of regeneration
 L - a ring of protection from fire (right hand)
 T - an uncursed ring of see invisible
Magical devices
 t - a wand of draining (1)
 v - a wand of slowing (31)
 A - a wand of teleportation (5)
 C - a wand of enslavement (13)
 J - a wand of flame (9)
 K - a wand of draining (0)
 O - a wand of slowing (33)
Scrolls
 g - 4 scrolls of fog
 h - 2 scrolls of fear
 i - 2 scrolls of recharging
 m - 5 scrolls of remove curse
 o - 3 scrolls of amnesia
 q - a scroll of magic mapping
 u - a scroll of enchant weapon
 z - a scroll of noise
 B - a scroll of teleportation
 F - a scroll of immolation
 S - a scroll of identify
Books
 k - a book of Maledictions

   Spells                             Type                      Level
   a - Corona                         Hexes                        1
   b - Ensorcelled Hibernation        Hexes/Ice                    2
   c - Confuse                        Hexes                        3
   d - Tukima's Dance                 Hexes                        3
   e - Dazzling Spray                 Conjuration/Hexes            3
 U - a book of Spatial Translocations

   Spells                             Type                      Level
   a - Apportation                    Translocation                1
   b - Blink                          Translocation                2
   c - Shroud of Golubria             Charms/Translocation         2
   d - Portal Projectile              Translocation                3
   e - Teleport Other                 Translocation                3
   f - Passage of Golubria            Translocation                4
Miscellaneous
 G - a sack of spiders
 R - a phial of floods


   Skills:
 - Level 10.1(15.1) Fighting
 - Level 14.0(19.0) Staves
 - Level 1.5(6.5) Throwing
 - Level 10.0(15.0) Armour
 - Level 3.2(8.2) Dodging
 * Level 6.3 Evocations


You had 12 spell levels left.
You didn't know any spells.

Dungeon Overview and Level Annotations

Branches:
Dungeon (11/15)            Temple (0/1) D:5            Lair (7/8) D:8
 Shoals (0/4) Lair:4        Snake (0/4) Lair:5
  Slime: Lair:6-8       Orc: D:9-12

Altars:
Cheibriados
Elyvilon
Gozag
Kikubaaqudgha
Nemelex Xobeh
Okawaru
Sif Muna
Trog


Innate Abilities, Weirdness & Mutations

You do not eat or drink.
Your flesh is vulnerable to fire.
You are immune to poison.
Your flesh is cold resistant.
You are immune to negative energy.
You are immune to unholy pain and torment.
You can survive without breathing.
You are in touch with the powers of death.
You can restore your body by infusing magical energy.


Message History

The eight-headed hydra bites you but does no damage.
The eight-headed hydra bites you!
* * * LOW HITPOINT WARNING * * *
The eight-headed hydra barely misses you.
The eight-headed hydra bites you but does no damage.
The eight-headed hydra closely misses you.
The eight-headed hydra bites you.
* * * LOW HITPOINT WARNING * * *
The giant frog hits you but does no damage.
The eight-headed hydra bites you!
* * * LOW HITPOINT WARNING * * *
The eight-headed hydra bites you but does no damage. x2
The eight-headed hydra bites you.
* * * LOW HITPOINT WARNING * * *
The eight-headed hydra closely misses you.
The eight-headed hydra barely misses you.
The eight-headed hydra misses you.
The eight-headed hydra completely misses you.
The eight-headed hydra bites you!
You die...

#.....#..................
..P..P.
###..#...................
......P
#.##....................
.......
###..........%.......%..
.....
###....................
....
##.......#..............
....
#.........P.............
...#
##.#####.P......DF......
..
#.#P.##.......@D.......
####..........###......
###....#.............
#...#..#.#........#..
##.###..#............
#.#.##.P.....P.......
######......P#.......
###..P####..!. ##### #..P


You could see 2 eight-headed hydras and a giant frog.

Vanquished Creatures
  Gastronok (Lair:3)
  Snorg (Lair:4)
  Nessos (Lair:5)
  4 hydras
  An ice dragon (Lair:3)
  Fannar (Lair:1)
  The ghost of braks the Transmogrifier, a powerful VSTm of Cheibriados (Lair:2)
  4 death yaks (Lair:7)
  An ugly thing (D:7)
  10 elephants
  A guardian serpent (Lair:5)
  Maurice (D:8)
  A gargoyle (D:10)
  2 black mambas
  8 spiny frogs
  3 komodo dragons
  2 fire drakes
  15 blink frogs
  A troll (Lair:7)
  27 yaks
  4 wyverns
  3 basilisks
  2 deep elf magi
  5 hippogriffs
  2 hungry ghosts
  14 wolves
  14 water moccasins
  10 porcupines
  A phantom (D:9)
  A wasp (D:7)
  A sky beast (D:10)
  A black bear (D:10)
  5 ogres
  The ghost of patman the Chopper, an average MiBe of Trog (D:4)
  5 orc warriors
  4 centaurs
  3 ice beasts
  8 crocodiles
  3 eyes of draining
  A centaur (shapeshifter) (D:4)
  A big kobold (D:7)
  14 giant frogs
  A scorpion (D:10)
  3 killer bees (D:8)
  3 crimson imps
  A giant frog zombie (D:10)
  4 hounds
  Crazy Yiuf (D:3)
  2 centaur skeletons
  10 orc priests
  A quasit (D:10)
  Ijyb (D:2)
  2 giant frog skeletons
  23 jellies
  4 orc wizards
  4 iguanas
  4 worker ants
  11 sheep
  A hound zombie (D:8)
  A worker ant zombie (D:10)
  15 adders
  7 gnolls
  32 river rats
  3 shadow imps
  3 oozes
  An adder zombie (D:8)
  3 adder skeletons
  2 worms (D:2)
  8 giant geckos
  42 orcs
  17 bats
  A bat skeleton (D:5)
  2 bat zombies
  4 giant cockroaches
  9 goblins
  10 hobgoblins
  7 jackals
  20 kobolds
  A ball python (D:1)
  A ball python zombie (D:4)
  8 giant newts
  5 quokkas
  3 quokka skeletons
  14 rats
  A fungus (Lair:6)
485 creatures vanquished.

Vanquished Creatures (others)
  A catoblepas (Lair:7)
  A spiny frog (Lair:4)
  A hippogriff (Lair:4)
  2 river rats (Lair:3)
  10 fungi
  5 plants
20 creatures vanquished.

Grand Total: 505 creatures vanquished

Notes
Turn   | Place    | Note
--------------------------------------------------------------
     0 | D:1      | patman the Mummy Gladiator began the quest for the Orb.
     0 | D:1      | Reached XP level 1. HP: 16/16 MP: 1/1
    78 | D:1      | Reached XP level 2. HP: 20/22 MP: 2/2
   126 | D:1      | Reached skill level 3 in Staves
   897 | D:2      | Reached XP level 3. HP: 20/27 MP: 3/3
  1727 | D:2      | Reached skill level 4 in Staves
  1851 | D:2      | Noticed Ijyb
  1865 | D:2      | Killed Ijyb
  1865 | D:2      | Reached XP level 4. HP: 23/33 MP: 4/4
  2045 | D:3      | Found an ancient bone altar of Kikubaaqudgha.
  2131 | D:3      | Found a faded altar to an unknown god.
  2272 | D:3      | Reached XP level 5. HP: 31/38 MP: 5/5
  2418 | D:3      | Noticed Crazy Yiuf
  2426 | D:3      | Killed Crazy Yiuf
  2426 | D:3      | Reached skill level 5 in Staves
  2567 | D:3      | Found an iron altar of Okawaru.
  2599 | D:3      | Became a worshipper of Warmaster Okawaru
  2955 | D:4      | Noticed a centaur
  2962 | D:4      | Killed a centaur
  2962 | D:4      | Acquired Okawaru's first power
  2962 | D:4      | Reached XP level 6. HP: 25/44 MP: 6/6
  2974 | D:4      | Reached skill level 6 in Staves
  3176 | D:4      | Noticed patman's ghost (average MiBe)
  3189 | D:4      | Killed patman's ghost
  3229 | D:4      | Reached XP level 7. HP: 50/50 MP: 7/7
  3237 | D:4      | Found an opulent altar of Gozag.
  3237 | D:4      | Found a sparkling altar of Nemelex Xobeh.
  3490 | D:4      | Found a snail-covered altar of Cheibriados.
  3775 | D:5      | Entered Level 5 of the Dungeon
  3788 | D:5      | Reached skill level 7 in Staves
  4101 | D:5      | Found a staircase to the Ecumenical Temple.
  4336 | D:5      | Found a white marble altar of Elyvilon.
  4337 | D:5      | Found a deep blue altar of Sif Muna.
  4798 | D:6      | Found a sparkling altar of Nemelex Xobeh.
  4859 | D:6      | Reached skill level 8 in Staves
  5010 | D:6      | Reached XP level 8. HP: 42/56 MP: 8/8
  5109 | D:7      | Noticed a red ugly thing
  5123 | D:7      | Killed a red ugly thing
  5123 | D:7      | Reached skill level 9 in Staves
  5187 | D:7      | Upgraded the game from 0.17-a0-1582-ge6b0260 to 0.17-a0-1583-g2df49ec
  5293 | D:7      | Reached skill level 10 in Staves
  5428 | D:7      | Reached XP level 9. HP: 25/61 MP: 9/9
  5612 | D:7      | Found a bloodstained altar of Trog.
  6104 | D:8      | Received a gift from Okawaru
  6241 | D:8      | Found a staircase to the Lair.
  6252 | D:8      | Noticed Maurice
  6259 | D:8      | Killed Maurice
  6259 | D:8      | Reached skill level 11 in Staves
  6542 | D:8      | Acquired Okawaru's second power
  7242 | D:9      | Reached skill level 12 in Staves
  7333 | D:9      | Received a gift from Okawaru
  7333 | D:9      | Reached XP level 10. HP: 59/68 MP: 8/10
  7970 | D:10     | Entered Level 10 of the Dungeon
  8038 | D:10     | Reached skill level 1 in Armour
  9524 | D:10     | Reached skill level 5 in Armour
  9603 | D:10     | Received a gift from Okawaru
 10856 | Lair:1   | Entered Level 1 of the Lair of Beasts
 11013 | Lair:1   | Reached XP level 11. HP: 68/78 MP: 11/11
 11135 | Lair:1   | Received a gift from Okawaru
 11136 | Lair:1   | Got a dazzling chain mail {god gift}
 11147 | Lair:1   | Identified the +1 chain mail of Valour {+Inv Str+5 Int-3 SInv} (Okawaru gifted it to you on level 1 of the Lair of Beasts)
 11503 | Lair:1   | Noticed Fannar
 11538 | Lair:1   | Killed Fannar
 11538 | Lair:1   | Reached skill level 5 in Fighting
 12343 | Lair:2   | Noticed a seven-headed hydra
 12373 | Lair:2   | Noticed an eight-headed hydra
 12388 | Lair:2   | Killed an eight-headed hydra
 12517 | Lair:2   | Noticed braks's ghost (powerful VSTm)
 12539 | Lair:2   | Killed a seven-headed hydra
 13079 | Lair:2   | Killed braks's ghost
 13079 | Lair:2   | Received a gift from Okawaru
 13082 | Lair:2   | Got a shimmering scale mail {god gift}
 13266 | Lair:2   | Identified the +0 scale mail "Weipurr" {-Tele rPois MR+++ Int+4} (Okawaru gifted it to you on level 2 of the Lair of Beasts)
 14140 | Lair:3   | Noticed Gastronok
 14189 | Lair:3   | Killed Gastronok
 14189 | Lair:3   | Reached XP level 12. HP: 59/95 MP: 12/12
 14395 | Lair:3   | Received a gift from Okawaru
 15192 | Lair:3   | Noticed an ice dragon
 15210 | Lair:3   | Killed an ice dragon
 15415 | Lair:4   | Found a staircase to the Shoals.
 15492 | Lair:4   | Noticed a seven-headed hydra
 15502 | Lair:4   | Killed a seven-headed hydra
 15777 | Lair:4   | Noticed Snorg
 15812 | Lair:4   | Killed Snorg
 15812 | Lair:4   | Reached skill level 10 in Fighting
 15978 | Lair:4   | Reached skill level 10 in Armour
 16607 | Lair:5   | Noticed Nessos
 16730 | Lair:5   | Killed Nessos
 16914 | Lair:5   | Received a gift from Okawaru
 16915 | Lair:5   | Got a smoking quarterstaff {god gift}
 16916 | Lair:5   | Lost intelligence.
 16916 | Lair:5   | Identified the +2 quarterstaff of the Inferno {freeze, rC+++ Str+3 Int-4 Dex+2} (Okawaru gifted it to you on level 5 of the Lair of Beasts)
 17042 | Lair:4   | Reached skill level 13 in Staves
 17193 | Lair:5   | Found a staircase to the Snake Pit.
 18317 | Lair:6   | Gained mutation: You are in touch with the powers of death. [Mummy growth]
 18317 | Lair:6   | Gained mutation: You can restore your body by infusing magical energy. [Mummy growth]
 18317 | Lair:6   | Reached XP level 13. HP: 92/103 MP: 13/13
 18783 | Lair:6   | Received a gift from Okawaru
 19030 | Lair:6   | Got a dazzling leather armour
 19031 | Lair:6   | Identified the +1 leather armour "Wicu" {+Fly rC+ rN+ MR- SInv} (You found it on level 6 of the Lair of Beasts)
 19382 | Lair:6   | Received a gift from Okawaru
 19607 | Lair:7   | Reached skill level 14 in Staves
 19849 | Lair:7   | Reached skill level 1 in Evocations
 19914 | Lair:7   | Got a shimmering leather armour
 19915 | Lair:7   | Identified the +3 leather armour "Heomuj" {rN+ Dex+2} (You found it on level 7 of the Lair of Beasts)
 20203 | Lair:7   | Reached skill level 5 in Evocations
 20306 | Lair:7   | Received a gift from Okawaru
 20487 | Lair:7   | HP: 2/103 [eight-headed hydra (9)]
 20487 | Lair:7   | Mangled by an eight-headed hydra

Vault maps used:
D:1:      lightli_arrival_statue_moat
D:2:      st_stairs_9, uniq_iyjb
D:3:      overflow_temple_1_default, ecumenical_altar_1,
          okawaru_altar_gauntlet_db, uniq_crazy_yiuf_cottage
D:4:      grunt_temple_overflow_opulence, cheibriados_altar_wand_db
D:5:      nicolae_overflow_hidden_temple, minmay_temple_entry_crystal_x,
          first_bread, serial_glass, glass_columns_a, glass_columns_a
D:6:      nemelex_deck
D:7:      nicolae_overflow_crystal_walls
D:8:      lair_0_dummy, uniq_maurice
D:11:     hangedman_pestilent_swarm
Lair:1:   uniq_fannar
Lair:3:   dragon1_lemuel, st_stairs_5, grunt_forest_small_clearing_treed,
          infiniplex_staircase_pool, grunt_megastairs_2, uniq_gastronok
Lair:4:   shoals_dummy_entry, uniq_snorg
Lair:5:   minmay_snake_entry_spellcaster, uniq_nessos

Action                   |  1- 3 |  4- 6 |  7- 9 | 10-12 | 13-15 || total
-------------------------+-------+-------+-------+-------+-------++-------
Melee: Quarterstaff      |   129 |   148 |   358 |  1054 |   403 ||  2092
 Fire: Blowgun           |       |       |       |    27 |       ||    27
Throw: Throwing net      |       |     1 |     1 |       |       ||     2
       Javelin           |       |       |       |     8 |     5 ||    13
Invok: Heroism           |       |       |     1 |     7 |     1 ||     9
 Abil: Evoke Invisibilit |       |       |       |     1 |     2 ||     3
       Stop Flying       |       |       |       |       |     1 ||     1
       Evoke Flight      |       |       |       |       |     1 ||     1
Evoke: Wand              |       |       |     7 |    20 |       ||    27
       Phial of floods   |       |       |       |     1 |       ||     1
  Use: Scroll            |       |     4 |     8 |     9 |     3 ||    24
 Stab: Sleeping          |       |     1 |       |       |       ||     1
       Paralysed         |       |       |     6 |     9 |    10 ||    25
       Petrifying        |       |       |     2 |     3 |     4 ||     9
       Held in net/web   |       |       |     1 |       |       ||     1
       Petrified         |       |       |       |     3 |     1 ||     4
       Invisible         |       |       |       |     1 |     9 ||    10
       Confused          |       |       |       |     1 |     2 ||     3
